 Dungeon Crawl Stone Soup version 0.30.1-4-g462c640d31 (webtiles) character file.

Game seed: 1958258494698783271

8 growler the Trooper (level 2, 18/23 HPs)
             Began as a Demonspawn Gladiator on Aug 20, 2023.
             Quit the game on level 1 of the Dungeon.
             The game lasted 00:00:25 (130 turns).

growler the Trooper (Demonspawn Gladiator)           Turns: 130, Time: 00:00:26

Health: 18/23      AC:  4    Str: 14    XL:     2   Next: 0%
Magic:  2/2        EV: 12    Int:  9    God:
Gold:   17         SH:  0    Dex: 14    Spells: 1/1 levels left

rFire   . . .        a - +0 war axe
rCold   . . .        (no shield)
rNeg    . . .        b - +0 leather armour
rPois   .            c - +0 helmet
rElec   .            (no cloak)
rCorr   .            (no gloves)
SInv    .            (no boots)
Will    .....        (no amulet)
Stlth   +            (no ring)
HPRegen 0.23/turn    (no ring)
MPRegen 0.08/turn

%: no passive effects
@: no status effects
A: foul stench 1
a: no special abilities


You were on level 1 of the Dungeon.
You visited 1 branch of the dungeon, and saw 1 of its levels.

You collected 17 gold pieces.

Inventory:

Hand Weapons
 a - a +0 war axe (weapon)
Missiles
 d - 3 throwing nets (quivered)
 e - a javelin
Armour
 b - a +0 leather armour (worn)
 c - a +0 helmet (worn)
Scrolls
 f - a scroll of identify {unknown}
 g - a scroll of fog {unknown}


   Skills:
 + Level 2.7 Fighting
 - Level 2.6 Axes
 - Level 1.7 Throwing
 - Level 2.6 Dodging


You had one spell level left.
You didn't know any spells.
Your spell library contained the following spells:

 Spells                   Type           Power      Damage    Failure   Level
 Inner Flame              Hex/Fire       0%         N/A       83%         3
 Yara's Violent Unravell  Hex/Tmut       0%         3d3       100%        5
 Enfeeble                 Hex            0%         N/A       100%        7


Dungeon Overview and Level Annotations

Branches:
Dungeon (1/15)

Altars:


Innate Abilities, Weirdness & Mutations

You may rarely emit foul miasma when damaged in melee.


Message History

The ball python bites you but does no damage.
The ball python constricts you.
The ball python bites you but does no damage.
The ball python constricts you.
You closely miss the ball python.
The ball python bites you but does no damage.
The ball python constricts you.
A giant cockroach comes into view.
The ball python completely misses you. The ball python constricts you.
You slash the ball python!
You kill the ball python!
The dart slug launches a dart at you. The slug dart hits you.
Things that are here:
a ball python corpse; a hobgoblin corpse You hit the dart slug.
The dart slug is moderately wounded.
The dart slug launches a dart at you. The slug dart hits you.
You barely miss the dart slug.
The dart slug is moderately wounded.
The dart slug launches a dart at you. The slug dart misses you.
You hit the dart slug but do no damage.
The dart slug is moderately wounded.
The dart slug launches a dart at you. The slug dart misses you.
The giant cockroach bites you but does no damage.
You completely miss the dart slug.
The dart slug is moderately wounded.
You closely miss the giant cockroach. The dart slug barely misses you.
The giant cockroach bites you.
You slash the dart slug!
You kill the dart slug!
You barely miss the giant cockroach. The giant cockroach closely misses you.
The giant cockroach misses you.
You have reached level 2!
Your demonic ancestry asserts itself...
You begin to emit a foul stench of rot and decay.
Are you sure you want to abandon this character and quit the game? (Confirm with "yes".)

#># #.# #.# #.#
#.## ###.# #.#
#... .)..# #.#
#..# . ##### #.#
#..# .. #.# #...
.. #.#
#..###.#.. #.#
#...?..... #.#
#@B...... #.#
#.##.##.. #.#
#.##.##..
#.######........
#........##.##.#
########.# #
.... ...## #....


You could see a giant cockroach.

Vanquished Creatures
  A dart slug (D:1)
  A hobgoblin (D:1)
  2 ball pythons (D:1)
  A bat (D:1)
  2 kobolds (D:1)
7 creatures vanquished.

Notes
Turn   | Place    | Note
-------+----------+-------------------------------------------
     0 | D:1      | growler the Demonspawn Gladiator began the quest for the
                  | Orb.
     0 | D:1      | Reached XP level 1. HP: 16/16 MP: 1/1
   130 | D:1      | Gained mutation: You may rarely emit foul miasma when
                  | damaged in melee. [demonic ancestry]
   130 | D:1      | Reached XP level 2. HP: 18/23 MP: 2/2
   130 | D:1      | Quit the game

Illustrated notes

Levels and vault maps discovered:
D:1:      heliophobic_arrival_henge, layout_loops_ring

Action                     || total
---------------------------++-------
  Melee: War axe           ||    25
         Punch             ||     1
 Armour: Leather armour    ||    11
  Dodge: Dodged            ||    20
